 Dungeon Crawl Stone Soup version 0.29-a0-414-g5075937ec3 (webtiles) character file.

Game seed: 11845448359040235694

463 croobank the Covert (level 7, -13/59 HPs)
             Began as a Gnoll Delver on May 15, 2022.
             Mangled by an ogre
             ... wielding a +0 giant club
              (15 damage)
             ... on level 5 of the Dungeon.
             The game lasted 00:21:41 (5523 turns).

croobank the Covert (Gnoll Delver)                  Turns: 5523, Time: 00:21:41

Health: -13/59     AC:  3    Str: 11    XL:     7   Next: 7%
Magic:  3/10       EV: 13    Int: 18    God:
Gold:   293        SH:  0    Dex: 13    Spells: 9/10 levels left

rFire   . . .      SeeInvis .   u - +0 dagger
rCold   . . .      Faith    .   (no shield)
rNeg    . . .      Spirit   .   b - +0 leather armour
rPois   .          Reflect  .   (no helmet)
rElec   .          Harm     .   (no cloak)
rCorr   .          Rampage  .   (no gloves)
Will    .....                   (no boots)
Stlth   ++++......              (no amulet)
HPRegen 0.19/turn               v - +6 ring of intelligence
MPRegen 0.12/turn               (no ring)

@: no status effects
A: fangs 1, strong nose, distributed training
a: no special abilities


You were on level 5 of the Dungeon.
You visited 1 branch of the dungeon, and saw 5 of its levels.
You also visited: Sewer.

You collected 293 gold pieces.

Inventory:

Hand Weapons
 a - a +0 hand axe
 u - a +0 dagger (weapon)
Missiles
 j - 95 stones (quivered)
Armour
 b - a +0 leather armour (worn)
 y - a +0 ring mail
Magical Staves
 s - a staff of air
Jewellery
 v - a +6 ring of intelligence (left hand)
Wands
 g - a wand of digging (3)
Scrolls
 c - a scroll of fog
 f - a scroll of magic mapping
 l - 2 scrolls of noise
 q - a scroll of amnesia
Potions
 e - a potion of resistance {unknown}
 i - 2 potions of flight {unknown}
 k - 4 potions of attraction {unknown}
 m - a potion of berserk rage {unknown}
 n - 4 potions of lignification {unknown}
 p - 5 potions of curing {unknown}
 t - 2 potions of might {unknown}


   Skills:
 + Level 6.9 Fighting
 + Level 2.2 Short Blades
 + Level 2.2 Long Blades
 + Level 5.1 Axes
 + Level 2.2 Maces & Flails
 + Level 2.2 Polearms
 + Level 2.2 Staves
 + Level 2.2 Slings
 + Level 2.2 Bows
 + Level 2.2 Crossbows
 + Level 2.2 Throwing
 + Level 2.2 Armour
 + Level 5.1 Dodging
 + Level 9.8 Stealth
 + Level 2.2 Shields
 + Level 2.2 Unarmed Combat
 + Level 2.2 Spellcasting
 + Level 1.8 Conjurations
 + Level 1.8 Hexes
 + Level 1.8 Summonings
 + Level 1.8 Necromancy
 + Level 1.8 Translocations
 + Level 1.8 Transmutations
 + Level 1.8 Fire Magic
 + Level 1.8 Ice Magic
 + Level 1.8 Air Magic
 + Level 1.8 Earth Magic
 + Level 1.8 Poison Magic
 + Level 2.5 Invocations
 + Level 2.2 Evocations


You had 9 spell levels left.
You knew the following spells:

 Your Spells              Type           Power      Damage    Failure   Level
a - Pain                  Necr           32%        1d5       11%         1

Your spell library contained the following spells:

 Spells                   Type           Power      Damage    Failure   Level
 Leda's Liquefaction      Hex/Erth       4%         N/A       73%         4
 Agony                    Necr           8%         N/A       97%         5
 Excruciating Wounds      Necr           4%         N/A       97%         5
 Lee's Rapid Deconstruct  Erth           4%         3d6*      97%         5
 Statue Form              Tmut/Erth      5%         N/A       100%        6


Dungeon Overview and Level Annotations

Branches:
Dungeon (5/15)              Sewer (visited)
 Temple: D:4-7

Altars:


Innate Abilities, Weirdness & Mutations

You have very sharp teeth.
Your uncanny sense of smell can sniff out nearby items.
Your experience applies equally to all skills.


Message History

Okay, then.
Casting: Pain (safe; 11% risk of failure)
Confirm with . or Enter, or press ? or * to list all spells.
Aiming: Pain (safe; 11% risk of failure)
Press: ? - help, Shift-Dir - straight line, f/p - ogre
Aim: an ogre, wielding a +0 giant club (lightly wounded, chance to affect: 59%)
The ogre writhes in agony.
You completely miss the ogre.
The ogre is moderately wounded.
The ogre hits you with a +0 giant club!
The centaur wields a +0 shortbow.
The centaur shoots an arrow.
The arrow hits you!
* * * LOW HITPOINT WARNING * * *
Aiming: Dig
Press: ? - help, Shift-Dir - straight line, p - ogre A rock wall.
Okay, then.
Really read the scroll of immolation?
As you read the scroll of immolation, it crumbles to dust.
The creatures around you are filled with an inner flame!
The centaur shoots an arrow.
The arrow misses you. 2 wights come into view.
The centaur shoots an arrow.
The arrow barely misses you.
The centaur shoots an arrow.
The arrow barely misses you. The ogre attacks as you move away!
The ogre hits you with a +0 giant club!
* * * LOW HITPOINT WARNING * * *
The centaur unwields a +0 shortbow.
The centaur misses you. The centaur closely misses you.
The wight closely misses you. The hound closely misses you.
Okay, then.
Casting: Pain (safe; 11% risk of failure)
Confirm with . or Enter, or press ? or * to list all spells.
Aiming: Pain (safe; 11% risk of failure)
Press: ? - help, Shift-Dir - straight line, f/p - ogre
Aim: an ogre, wielding a +0 giant club (moderately wounded, inner flame, chance to affect: 59%)
The ogre resists with significant effort.
The centaur hits you but does no damage.
The centaur barely misses you. The hound bites you.
* * * LOW HITPOINT WARNING * * *
The ogre hits you with a +0 giant club!
You die...

#<.# ##.## #..#
#.# #.# #.#
######.######
##...hcO.....#
#...zz@.......#
.......z........
#...z...........
#.......h.......
#.............[.
#...............
##.............#
##.....#.....#


You could see an ogre (inner flame), a centaur (inner flame), 2 hounds and 4
wights.

Vanquished Creatures
  A phantom (D:3)
  2 bullfrogs (Sewer)
  A necrophage (D:2)
  4 gnolls (D:2)
  6 adders
  A worm (D:2)
  2 dart slugs
  An orc (D:3)
  10 endoplasms
  7 giant cockroaches
  4 goblins
  5 hobgoblins
  15 jackals
  5 kobolds
  8 quokkas
  13 ball pythons
  3 bats
  4 frilled lizards (Sewer)
  10 rats
102 creatures vanquished.

Vanquished Creatures (others)
  6 plants (D:1)
6 creatures vanquished.

Grand Total: 108 creatures vanquished

Notes
Turn   | Place    | Note
-------+----------+-------------------------------------------
     0 | D:5      | Reached skill level 9 in Stealth
     0 | D:5      | croobank the Gnoll Delver began the quest for the Orb.
     0 | D:5      | Reached XP level 1. HP: 23/23 MP: 1/1
   112 | D:4      | Found a glowing drain.
   150 | D:4      | Reached XP level 2. HP: 24/29 MP: 2/2
   181 | Sewer    | Entered a sewer
   251 | Sewer    | Reached XP level 3. HP: 26/35 MP: 3/3
   529 | Sewer    | Reached skill level 1 in Invocations
   546 | Sewer    | Reached skill level 1 in Short Blades
   546 | Sewer    | Reached skill level 1 in Long Blades
   546 | Sewer    | Reached skill level 1 in Maces & Flails
   546 | Sewer    | Reached skill level 1 in Polearms
   546 | Sewer    | Reached skill level 1 in Staves
   546 | Sewer    | Reached skill level 1 in Slings
   546 | Sewer    | Reached skill level 1 in Bows
   546 | Sewer    | Reached skill level 1 in Crossbows
   546 | Sewer    | Reached skill level 1 in Throwing
   546 | Sewer    | Reached skill level 1 in Armour
   546 | Sewer    | Reached skill level 1 in Shields
   546 | Sewer    | Reached skill level 1 in Unarmed Combat
   546 | Sewer    | Reached skill level 1 in Spellcasting
   546 | Sewer    | Reached skill level 1 in Evocations
   598 | Sewer    | Noticed a bullfrog
   598 | Sewer    | Noticed a bullfrog
   607 | Sewer    | HP: 1/35 [bullfrog (4)]
   613 | Sewer    | Killed a bullfrog
   614 | Sewer    | Reached skill level 1 in Conjurations
   614 | Sewer    | Reached skill level 1 in Hexes
   614 | Sewer    | Reached skill level 1 in Summonings
   614 | Sewer    | Reached skill level 1 in Necromancy
   614 | Sewer    | Reached skill level 1 in Translocations
   614 | Sewer    | Reached skill level 1 in Transmutations
   614 | Sewer    | Reached skill level 1 in Fire Magic
   614 | Sewer    | Reached skill level 1 in Ice Magic
   614 | Sewer    | Reached skill level 1 in Air Magic
   614 | Sewer    | Reached skill level 1 in Earth Magic
   614 | Sewer    | Reached skill level 1 in Poison Magic
   614 | Sewer    | Reached XP level 4. HP: 2/41 MP: 5/5
   614 | Sewer    | Reached XP level 5. HP: 2/47 MP: 6/6
  1336 | D:3      | Noticed a phantom
  1455 | D:2      | Reached XP level 6. HP: 18/53 MP: 8/8
  1837 | D:2      | Reached skill level 5 in Axes
  1837 | D:2      | Reached skill level 5 in Dodging
  3189 | D:2      | Learned a level 1 spell: Pain
  3371 | D:1      | Found a faded altar of an unknown god.
  3600 | D:1      | Reached XP level 7. HP: 59/59 MP: 10/10
  4897 | D:3      | HP: 1/59 [orc priest/divine providence (10)]
  5523 | D:5      | HP: 2/59 [hound (1)]
  5523 | D:5      | Mangled by an ogre

Illustrated notes

Levels and vault maps discovered:
D:1:      zelgadis_glass_arrival_small, layout_loops_ring, serial_forest,
          infiniplex_forest_clump_tiny, infiniplex_forest_lined_room_,
          infiniplex_forest_end_1, infiniplex_forest_clump_small,
          infiniplex_forest_clump_double, infiniplex_forest_lined_4_way,
          infiniplex_forest_end_2, infiniplex_forest_straight_2,
          infiniplex_forest_clump_curved, infiniplex_forest_end_2,
          dreamdust_ecumenical_altar_hidden_monk_grotto, minmay_small_reverse_x
D:2:      layout_basic
D:3:      layout_loops_corners, uniq_natasha
D:4:      layout_loops_corners, portal_sewer_entry_b, dreamdust_wishing_well
D:5:      layout_rooms

Skill      XL: |  1  2  3  4  5  6 |
---------------+-------------------+-----
Stealth        | |  9.8
Invocations    | 1 2 |  2.5
Short Blades   | 1 2 |  2.2
Long Blades    | 1 2 |  2.2
Maces & Flails | 1 2 |  2.2
Polearms       | 1 2 |  2.2
Staves         | 1 2 |  2.2
Slings         | 1 2 |  2.2
Bows           | 1 2 |  2.2
Crossbows      | 1 2 |  2.2
Throwing       | 1 2 |  2.2
Armour         | 1 2 |  2.2
Shields        | 1 2 |  2.2
Unarmed Combat | 1 2 |  2.2
Spellcasting   | 1 2 |  2.2
Evocations     | 1 2 |  2.2
Conjurations   | 1 |  1.8
Hexes          | 1 |  1.8
Summonings     | 1 |  1.8
Necromancy     | 1 |  1.8
Translocations | 1 |  1.8
Transmutations | 1 |  1.8
Fire Magic     | 1 |  1.8
Ice Magic      | 1 |  1.8
Air Magic      | 1 |  1.8
Earth Magic    | 1 |  1.8
Poison Magic   | 1 |  1.8
Axes           | 5 |  5.1
Dodging        | 5 |  5.1
Fighting       | |  6.9

Action                   |  1- 3 |  4- 6 |  7- 9 || total
-------------------------+-------+-------+-------++-------
Melee: Hand axe          |    93 |   169 |    42 ||   304
       Bite              |     7 |    22 |     5 ||    34
       Punch             |     1 |     1 |     1 ||     3
       Dagger            |       |       |    17 ||    17
 Cast: Pain              |       |     2 |    24 ||    26
Evoke: Wand              |     4 |     3 |       ||     7
  Use: Scroll            |     1 |     2 |    13 ||    16
       Potion            |       |     1 |     1 ||     2
 Stab: Sleeping          |     4 |     9 |    13 ||    26
       Distracted        |       |     1 |       ||     1
Armor: Leather armour    |    19 |    21 |    15 ||    55
Dodge: Dodged            |    78 |   103 |    47 ||   228

Table legend: (Time is in decaauts)
 A = Elapsed time spent in this place.
 B = Non-inter-level travel time spent in this place.
 C = Inter-level travel time spent in this place.
 D = Time resting spent in this place.
 E = Time spent auto-exploring this place.
 F = Levels seen in this place.
 G = Mean time per level.
                   A        B        C        D        E       F      G
               +--------+--------+--------+--------+--------+-----+--------+
         Total |   5618 |   5423 |    195 |   1577 |   2432 |   6 |  936.3 |
       Dungeon |   4583 |   4388 |    195 |   1185 |   2092 |   5 |  916.6 |
         Sewer |   1035 |   1035 |      0 |    392 |    340 |   1 | 1035.0 |
               +--------+--------+--------+--------+--------+-----+--------+

Top non-repeatable levels by time:
     D:2: 1656 daAuts
     D:1: 1182 daAuts
   Sewer: 1035 daAuts
     D:3: 859 daAuts
     D:4: 773 daAuts
     D:5: 112 daAuts
